Map: Cyber Forest LE

Players

TIME (Oliveira)

  • Race: Terran Terran
  • Spawn Location: 11:00

Cham - Winner!

  • Race: Zerg Zerg
  • League: Master
  • Spawn Location: 5:00

Event: 2019 WCS Winter Americas

VOD

Have the link to the VOD?

Description

Time

  • Played on: March 23, 2019, 2:24 p.m.
  • Length: 26:28

All games in this series

Show
View Real Time Build Order
Export as new Build Order

TIME Terran 

Build Orders: Hellion Opening, Reaper Expand 

Get SALT Encoding   

  12  0:00  SCV  
  13  0:12  SCV  
  14  0:18  Supply Depot  
  14  0:24  SCV  
  15  0:39  SCV  
  15  0:40  Barracks  
  16  0:44  Refinery  
  16  0:51  SCV  
  17  1:03  SCV  
  18  1:15  SCV  
  19  1:28  Orbital Command, Reaper  
  20  1:41  Command Center  
  20  1:49  Supply Depot  
  20  1:54  SCV  
  20  2:00  Marine  
  22  2:06  SCV  
  23  2:09  Factory  
  23  2:14  Refinery  
  23  2:18  SCV  
  23  2:21  Barracks Reactor  
  24  2:30  SCV  
  25  2:42  SCV  
  26  2:57  SCV  
  27  2:58  Starport  
  27  3:01  Orbital Command  
  27  3:03  Barracks Tech Lab  
  27  3:04  Hellion x2  
  31  3:09  SCV  
  32  3:21  SCV  
  32  3:25  Hellion x2  
  32  3:26  SCV  
  40  3:31  Supply Depot  
  38  3:34  Viking  
  38  3:39  Concussive Shells, Marauder  
  42  3:42  SCV  
  42  3:43  SCV  
  42  3:47  Hellion  
  46  3:53  Hellion  
  46  3:55  Supply Depot  
  48  3:57  SCV  
  48  3:58  SCV  
  52  4:03  Marauder  
  52  4:10  Medivac  
  52  4:14  Armory  
  52  4:16  Hellion  
  56  4:18  Hellion  
  56  4:22  SCV  
  59  4:26  SCV, Supply Depot  
  59  4:30  Liberator  
  60  4:34  SCV  
  60  4:35  Marine  
  62  4:47  SCV x2  
  62  4:48  Supply Depot  
  67  4:57  Factory Reactor  
  67  4:59  SCV x2  
  69  5:02  Marine  
  69  5:03  Stimpack  
  70  5:09  Command Center  
  70  5:11  SCV  
  71  5:14  Barracks  
  71  5:19  SCV  
  71  5:20  Marine  
  71  5:22  Barracks  
  71  5:24  SCV  
  66  5:31  SCV  
  63  5:36  SCV  
  63  5:38  Marine, Starport Reactor  
  58  5:43  Engineering Bay, SCV  
  58  5:44  Engineering Bay  
  58  5:45  Refinery  
  58  5:46  Refinery  
  58  5:48  SCV  
  60  5:54  Factory Tech Lab  
  60  5:55  SCV  
  60  5:56  Marine  
  62  6:00  SCV  
  58  6:05  Marine x2  
  58  6:07  SCV  
  48  6:12  SCV  
  48  6:14  Marine  
  48  6:16  Terran Infantry Weapons Level 1  
  48  6:19  SCV  
  48  6:24  Marine x3, SCV  
  53  6:26  Siege Tank  
  53  6:31  Orbital Command, SCV, Marine  
  58  6:33  Marine  
  58  6:37  SCV  
  60  6:41  Marine  
  60  6:42  Terran Infantry Armor Level 1  
  60  6:43  SCV  
  60  6:44  Marine  
  63  6:48  Marine  
  63  6:49  Orbital Command  
  63  6:51  SCV, Medivac x2  
  63  6:53  Marine  
  71  6:55  SCV  
  71  6:59  Marine  
  73  7:02  Marine  
  73  7:04  Combat Shield, SCV  
  73  7:08  SCV  
  75  7:12  Marine  
  75  7:13  Marine, Supply Depot  
  75  7:15  SCV  
  78  7:16  SCV  
  78  7:19  Marine  
  78  7:20  SCV  
  78  7:22  Marine  
  82  7:24  Siege Tank  
  82  7:25  Marine  
  82  7:27  SCV  
  82  7:28  SCV  
  88  7:31  Marine  
  88  7:32  SCV  
  88  7:36  Supply Depot  
  90  7:39  SCV  
  90  7:40  SCV  
  90  7:41  Marine, Barracks x2  
  94  7:44  SCV  
  94  7:46  Marine  
  94  7:48  Marine  
  94  7:49  Marine  
  94  7:50  Medivac x2  
  101  7:57  SCV  
  101  7:58  Supply Depot  
  102  8:00  Marine, Supply Depot  
  102  8:04  SCV, Siege Tank  
  107  8:07  SCV  
  107  8:10  Supply Depot  
  107  8:12  Marine  
  108  8:13  Marine, SCV  
  108  8:17  Marine  
  108  8:19  SCV  
  106  8:20  Marine, Terran Infantry Weapons Level 2  
  106  8:22  SCV  
  106  8:24  Marine  
  106  8:25  SCV  
  110  8:28  Refinery x2  
  110  8:31  Barracks Reactor  
  110  8:32  Barracks Reactor  
  110  8:35  SCV  
  110  8:39  Marine x3  
  110  8:41  SCV  
  115  8:43  Siege Tank  
  115  8:45  Supply Depot  
  115  8:46  Marine  
  115  8:48  Marine  
  115  8:50  SCV  
  115  8:51  SCV  
  117  8:56  Marine, Factory, Terran Infantry Armor Level 2  
  117  8:57  Terran Vehicle And Ship Armor Level 1, Marine  
  117  9:00  SCV  
  120  9:03  SCV  
  120  9:04  Marine  
  120  9:05  Marine  
  120  9:07  Marine, Supply Depot  
  124  9:12  Marine  
  124  9:18  Marine x3  
  124  9:20  Sensor Tower  
  124  9:21  Command Center  
  124  9:22  SCV, Liberator  
  124  9:23  Liberator  
  124  9:24  Marine, Siege Tank  
  131  9:29  Marine x2  
  134  9:33  Marine  
  134  9:34  Marine x2  
  137  9:40  Factory Tech Lab  
  137  9:45  Marine  
  134  9:46  Marine  
  134  9:47  Marine x2  
  134  9:49  Supply Depot  
  134  9:50  Supply Depot  
  134  9:51  Marine  
  134  9:52  Marine x2  
  140  9:56  Marine  
  141  10:02  Siege Tank  
  141  10:03  Marine, Siege Tank  
  141  10:05  Marine  
  149  10:11  Marine x2  
  149  10:12  Supply Depot x2  
  151  10:15  Supply Depot  
  151  10:18  Marine x2  
  151  10:19  Marine  
  154  10:23  Marine  
  154  10:24  Medivac x2  
  154  10:26  Marine x2  
  161  10:29  SCV  
  161  10:31  SCV  
  161  10:33  Marine  
  161  10:35  Marine  
  159  10:37  Siege Tank  
  159  10:39  Siege Tank  
  159  10:40  Marine  
  167  10:46  Marine x2  
  167  10:47  Marine x2  
  166  10:53  Marine x2  
  166  10:54  SCV  
  170  10:59  Terran Infantry Weapons Level 3  
  170  11:02  Planetary Fortress  
  170  11:04  Marine  
  170  11:09  Marine x2  
  170  11:10  Siege Tank  
  157  11:18  Marine  
  157  11:19  Siege Tank  
  157  11:21  Medivac  
  157  11:23  Marine  
  164  11:26  Marine  
  164  11:27  Marine  
  135  11:33  Marine x2  
  135  11:34  Marine  
  135  11:39  Marine x2  
  123  11:42  Siege Tank  
  123  11:45  Barracks  
  123  11:46  Drilling Claws, Barracks  
  123  11:47  Marine, Barracks  
  126  11:50  Marine  
  124  11:59  SCV  
  124  12:00  Marine, SCV  
  106  12:01  SCV  
  106  12:02  Marine, Siege Tank  
  106  12:03  SCV  
  106  12:07  Starport x2  
  106  12:08  Marine  
  112  12:09  Fusion Core  
  112  12:12  SCV  
  112  12:13  Marine x2, SCV  
  112  12:14  Siege Tank  
  117  12:17  SCV x2  
  117  12:21  Marine x2  
  121  12:24  Marine, SCV  
  121  12:28  SCV  
  124  12:31  Marine  
  124  12:32  Marine, SCV  
  124  12:34  Barracks Tech Lab x3  
  129  12:37  Widow Mine  
  129  12:38  SCV  
  130  12:46  Marauder  
  130  12:50  Terran Infantry Armor Level 3  
  127  12:51  SCV  
  127  12:52  Liberator  
  127  12:54  Liberator  
  127  12:57  SCV  
  128  12:59  Starport Reactor  
  128  13:00  Starport Tech Lab, Refinery x2  
  128  13:01  Widow Mine x2  
  128  13:02  Sensor Tower  
  128  13:05  Marauder x2  
  136  13:10  Liberator  
  142  13:13  Marauder  
  142  13:18  Marine x2  
  146  13:26  Liberator  
  146  13:27  Advanced Ballistics  
  146  13:29  Marauder x2, Liberator  
  153  13:35  Missile Turret  
  153  13:36  Ghost Academy  
  153  13:37  Missile Turret  
  153  13:38  Liberator  
  153  13:40  Marine x2  
  163  13:53  Widow Mine  
  168  13:58  Terran Vehicle And Ship Armor Level 2  
  167  14:11  Marine x4  
  167  14:16  Ghost, Command Center  
  167  14:17  Ghost  
  165  14:19  Liberator  
  165  14:20  Liberator  
  165  14:21  Ghost  
  171  14:28  Ghost  
  173  14:35  Marine  
  180  14:43  Liberator  
  179  14:47  Ghost x2, Widow Mine x2  
  179  14:51  Personal Cloaking  
  178  15:03  Viking x2  
  185  15:07  Armory  
  185  15:18  Missile Turret  
  185  15:19  Sensor Tower  
  185  15:20  Missile Turret  
  185  15:42  Viking x3  
  191  15:44  Viking x2  
  191  15:47  Orbital Command  
  189  15:54  Marine  
  189  15:55  Marine, Marauder  
  189  15:56  Marauder, Liberator  
  195  15:58  Hellion  
  195  16:01  Marine  
  195  16:02  Marauder  
  197  16:07  Marine x2  
  186  16:11  Liberator  
  186  16:17  Missile Turret  
  186  16:18  Missile Turret, Liberator, Widow Mine  
  189  16:22  Terran Ship Weapons Level 1  
  189  16:24  Planetary Fortress  
  189  16:27  Terran Vehicle And Ship Armor Level 3  
  189  16:30  Widow Mine  
  199  16:41  Refinery  
  199  16:42  Refinery  
  199  16:45  Command Center  
  197  17:03  Nuke  
  197  17:05  Ghost Academy, Liberator  
  197  17:06  Ghost Academy  
  197  17:09  Liberator x2  
  193  17:17  Liberator  
  168  17:25  Ghost x2  
  168  17:27  Marine x2  
  168  17:28  Marine  
  178  17:31  Marine x2  
  178  17:34  Widow Mine  
  185  17:39  Viking  
  185  17:41  Nuke  
  187  17:49  Command Center  
  187  17:51  Command Center  
  187  17:56  Marine x4, Marauder x2  
  187  17:57  Marauder  
  197  18:05  Marine  
  198  18:15  Widow Mine  
  200  18:25  Nuke x2  
  198  18:30  Ghost  
  200  18:34  Terran Ship Weapons Level 2, Neosteel Armor, Hi-Sec Auto Tracking  
  200  18:46  Ghost  
  200  18:48  Marine  
  198  18:54  Marauder  
  200  19:01  Missile Turret  
  200  19:10  Liberator x5  
  176  19:19  Marine x2  
  176  19:22  Marine x2  
  176  19:23  Marine  
  150  19:26  Marine x3  
  146  19:31  Ghost x3  
  146  19:34  Marine  
  146  19:37  Marine  
  139  19:39  Marine  
  139  19:42  Marine x3  
  139  19:43  Siege Tank  
  144  19:46  Siege Tank  
  144  19:52  Marine  
  137  19:54  Marine x2  
  133  20:03  Marine  
  130  20:09  Liberator  
  130  20:10  Viking x3  
  130  20:11  Marine  
  130  20:13  Marine  
  136  20:27  Marine x2, Marauder  
  135  20:36  Marine  
  135  20:38  Orbital Command, Liberator  
  135  20:39  Marauder  
  136  20:54  Widow Mine x2  
  143  21:00  Marine x2  
  145  21:06  Marine  
  147  21:14  Orbital Command, Missile Turret  
  147  21:16  Marine  
  147  21:20  Missile Turret  
  147  21:22  Marine x2  
  147  21:27  Marauder  
  147  21:29  Marine  
  150  21:36  Planetary Fortress  
  150  21:44  Marine  
  150  21:46  Widow Mine  
  153  21:51  Ghost, Widow Mine  
  157  22:05  Viking  
  157  22:06  Viking  
  157  22:08  Viking  
  159  22:16  Viking  
  159  22:17  Ghost  
  159  22:21  Marine  
  162  22:24  Viking  
  164  22:31  Nuke  
  164  22:35  Viking  
  166  22:37  Viking  
  166  22:39  Ghost  
  170  22:49  Viking  
  170  22:57  Viking  
  168  23:00  Ghost x2  
  168  23:03  Marine  
  168  23:04  Viking  
  168  23:05  Viking  
  166  23:18  Marine x3  
  166  23:19  SCV x3  
  168  23:21  Marine  
  168  23:22  Marine  
  168  23:23  Viking  
  172  23:32  Viking  
  169  23:35  Viking  
  163  23:42  Marine, Viking  
  163  23:43  Marine x3, Marauder x2  
  163  23:47  Marine  
  163  23:48  Marauder  
  160  24:07  Marine x2, Viking x2  
  160  24:08  Marauder  
  148  24:14  Marine, Marauder  
  143  24:18  Marine x2  
  131  24:27  Marine x2, Marauder  
  131  24:30  Marine  
  135  24:36  Marine x2  
  135  24:41  Liberator  
  135  24:43  Marine  
  133  24:48  Marine x2  
  133  24:49  Marauder  
  123  24:59  Marine x2  
  124  25:00  Marine  
  124  25:06  Marine x2  
  127  25:14  Marine x2  
  127  25:19  Marine  
  130  25:27  Orbital Command  
  129  25:35  Marine x3  
  109  25:36  Marauder  
  109  25:38  Marine  
  109  25:41  Marine  
  96  25:44  Marine  
  96  25:49  Marine  
  83  25:55  Widow Mine  
  85  26:00  Marine, Widow Mine  
  85  26:02  Marine  
  85  26:05  Marine  
  85  26:08  Marine, SCV x2  
  85  26:10  SCV  
Show
View Real Time Build Order
Export as new Build Order

Cham Zerg - Winner!

Build Orders: Hatch First 

Get SALT Encoding   

  12  0:00  Drone  
  13  0:07  Drone  
  14  0:17  Overlord  
  15  0:35  Drone x2  
  16  0:48  Hatchery  
  15  0:51  Drone  
  15  0:55  Drone  
  17  0:59  Drone  
  18  1:08  Extractor  
  17  1:14  Spawning Pool  
  17  1:18  Drone  
  17  1:20  Drone  
  18  1:30  Drone  
  19  1:40  Overlord  
  19  1:52  Drone  
  20  2:00  Queen x2  
  24  2:01  Zergling x4  
  24  2:08  Metabolic Boost  
  26  2:12  Drone  
  26  2:15  Drone  
  28  2:39  Queen x2  
  28  2:41  Overlord  
  28  2:42  Drone x3  
  35  2:52  Drone  
  36  3:00  Hatchery  
  35  3:06  Drone x2  
  35  3:10  Drone x2  
  35  3:11  Drone  
  40  3:15  Drone x2  
  40  3:17  Drone  
  40  3:19  Drone  
  44  3:23  Overlord  
  44  3:27  Overlord  
  44  3:31  Overlord  
  44  3:44  Drone  
  44  3:45  Queen  
  44  3:46  Zergling x2  
  44  3:48  Zergling x8  
  52  3:50  Zergling x2  
  52  3:53  Drone x2  
  56  3:55  Drone  
  56  3:57  Drone  
  56  4:02  Drone  
  58  4:09  Drone x2  
  60  4:13  Queen  
  60  4:14  Overlord  
  62  4:20  Drone  
  62  4:21  Drone  
  62  4:23  Overlord  
  62  4:24  Queen  
  66  4:34  Drone x3, Spore Crawler x2  
  66  4:35  Drone, Spore Crawler  
  66  4:37  Drone  
  66  4:38  Drone  
  69  4:43  Zergling x2  
  69  4:45  Zergling x2  
  71  4:46  Drone, Zergling x2  
  71  4:48  Drone, Overlord  
  71  4:51  Overlord  
  74  4:57  Drone x2, Overlord  
  76  5:02  Queen  
  78  5:08  Zergling x4  
  78  5:10  Zergling x6  
  78  5:12  Zergling x2  
  78  5:13  Zergling x2  
  85  5:15  Zergling x2  
  85  5:17  Zergling x4  
  85  5:19  Zergling x4  
  85  5:20  Zergling x2  
  83  5:21  Zergling x2  
  83  5:24  Zergling x2  
  82  5:30  Zergling x2  
  82  5:33  Zergling x2  
  76  5:36  Lair  
  76  5:38  Extractor, Baneling Nest  
  76  5:40  Drone  
  75  5:44  Drone x2  
  75  5:47  Drone x2  
  75  5:48  Drone  
  80  5:54  Drone x2  
  82  5:57  Drone  
  82  5:58  Overlord  
  81  6:06  Drone x2  
  81  6:10  Zergling x2  
  76  6:16  Extractor x2, Hatchery  
  72  6:21  Drone x2  
  72  6:22  Baneling Nest  
  73  6:25  Zergling x2  
  73  6:26  Hatchery  
  73  6:27  Drone x2  
  73  6:29  Extractor  
  73  6:30  Drone  
  73  6:31  Drone  
  75  6:35  Drone, Overlord  
  76  6:42  Overlord  
  76  6:44  Drone, Centrifical Hooks  
  77  6:47  Overlord  
  77  6:49  Zergling x4  
  77  6:50  Baneling  
  77  6:51  Baneling x5, Zergling x2  
  80  6:57  Overlord  
  80  7:01  Zergling x2  
  80  7:08  Drone x2  
  82  7:09  Zergling x10  
  82  7:12  Baneling x3  
  82  7:14  Zergling x4  
  89  7:18  Drone  
  90  7:25  Zergling x4  
  90  7:29  Zergling x4  
  94  7:34  Zergling x4  
  94  7:35  Zergling x4  
  98  7:39  Drone  
  98  7:40  Zergling x4  
  98  7:41  Zergling x4  
  98  7:42  Infestation Pit  
  98  7:44  Zergling x4  
  104  7:46  Overlord, Zergling x2  
  104  7:49  Zergling x6  
  109  7:51  Zergling x4  
  109  7:55  Drone  
  109  7:57  Evolution Chamber  
  109  7:58  Drone, Evolution Chamber  
  109  8:00  Drone x2, Overlord  
  109  8:01  Zergling x6  
  112  8:07  Zergling x4  
  112  8:10  Zergling x4  
  103  8:14  Zergling x2  
  103  8:15  Zergling x18  
  103  8:19  Hive  
  109  8:21  Drone  
  109  8:25  Drone  
  109  8:26  Drone x6  
  117  8:29  Overlord, Burrow  
  117  8:31  Drone x2  
  117  8:32  Drone, Zergling x4  
  117  8:33  Zerg Ground Armor Level 1, Zerg Melee Weapons Level 1  
  122  8:39  Queen, Zergling x6  
  122  8:40  Drone, Zergling x2  
  122  8:41  Drone x3  
  127  8:43  Zergling x6  
  127  8:47  Baneling x5  
  127  8:48  Zergling x6  
  131  8:54  Zergling x4  
  133  8:56  Zergling x2  
  133  8:58  Baneling x3, Queen  
  133  9:00  Overlord, Zergling x2  
  133  9:01  Zergling x2  
  133  9:02  Zergling x2  
  139  9:03  Zergling x2  
  139  9:05  Overlord  
  139  9:07  Queen  
  139  9:08  Overlord  
  139  9:09  Zergling x2  
  141  9:12  Zergling x4  
  141  9:13  Baneling x5  
  141  9:16  Extractor  
  141  9:17  Zergling x8  
  141  9:19  Hatchery, Zergling x2  
  141  9:20  Zergling x2  
  141  9:21  Zergling x4  
  147  9:34  Queen  
  147  9:37  Zergling x2  
  147  9:38  Zergling x8  
  154  9:41  Ultralisk Cavern, Extractor  
  154  9:42  Drone  
  154  9:43  Spire  
  154  9:44  Baneling x2  
  148  9:53  Drone  
  148  9:54  Drone x2, Zergling x12  
  148  9:55  Zergling x4  
  148  9:58  Baneling x6  
  148  9:59  Zergling x4  
  162  10:00  Zergling x10  
  162  10:01  Overlord  
  162  10:04  Baneling x10  
  162  10:06  Zergling x2  
  166  10:07  Drone x2  
  166  10:10  Drone  
  166  10:12  Viper  
  172  10:18  Zergling x2  
  172  10:20  Zergling x2  
  172  10:21  Zergling x4  
  176  10:22  Baneling x3  
  176  10:24  Viper  
  176  10:27  Zergling x2  
  180  10:28  Baneling  
  180  10:29  Baneling  
  180  10:34  Zergling x2  
  180  10:35  Zergling x8  
  184  10:36  Baneling x9  
  184  10:37  Zergling x2  
  184  10:38  Zergling x2  
  184  10:39  Zergling x2  
  185  10:44  Zergling x4  
  185  10:48  Baneling x5  
  187  10:50  Chitinous Plating  
  187  10:52  Zerg Ground Armor Level 2, Zerg Melee Weapons Level 2  
  187  10:55  Drone  
  188  11:02  Overlord x2  
  188  11:03  Zergling x2, Spine Crawler, Spore Crawler  
  187  11:05  Zerg Flyer Weapons Level 1  
  187  11:09  Hatchery, Zergling x4  
  187  11:10  Baneling x12  
  187  11:11  Zergling x2  
  187  11:12  Baneling  
  187  11:13  Baneling x3  
  187  11:24  Zergling x6  
  190  11:27  Zergling x8  
  152  11:38  Ultralisk  
  152  11:39  Ultralisk, Zergling x8  
  161  11:40  Zergling x10  
  161  11:44  Zergling x10  
  152  11:56  Zergling x4  
  136  12:03  Ultralisk x2  
  136  12:05  Drone x4  
  136  12:08  Drone x2  
  140  12:09  Drone, Anabolic Synthesis  
  140  12:12  Drone x3  
  140  12:15  Drone x2  
  146  12:19  Baneling  
  146  12:20  Baneling x3  
  146  12:21  Drone x3  
  148  12:27  Corruptor x2  
  149  12:31  Drone x3  
  153  12:39  Ultralisk  
  157  12:54  Ultralisk, Zergling x2  
  157  12:55  Drone x3  
  167  12:58  Zergling x4  
  167  13:00  Baneling x3  
  167  13:01  Drone x3, Baneling  
  167  13:03  Zergling x4  
  167  13:04  Baneling  
  167  13:05  Baneling x3  
  174  13:14  Ultralisk, Zergling x2  
  174  13:15  Zergling x20  
  174  13:19  Corruptor  
  191  13:29  Corruptor x2  
  191  13:31  Baneling x3  
  195  13:35  Corruptor  
  194  13:42  Corruptor  
  194  13:46  Corruptor  
  194  13:47  Drone  
  194  13:48  Drone  
  198  13:52  Drone x2, Overseer  
  200  14:03  Greater Spire  
  200  14:04  Extractor  
  200  14:09  Drone  
  200  14:17  Zerg Ground Armor Level 3  
  200  14:29  Spine Crawler, Spore Crawler  
  200  14:30  Spore Crawler  
  197  14:31  Extractor  
  197  14:32  Drone x3  
  197  14:33  Zergling x2  
  200  14:41  Zerg Melee Weapons Level 3  
  196  14:51  Baneling x2  
  189  14:55  Corruptor x2  
  189  14:58  Viper x2  
  199  15:00  Zergling x2  
  200  15:20  Zerg Flyer Weapons Level 2  
  167  16:16  Hatchery  
  167  16:17  Baneling x4  
  166  16:19  Ultralisk x2, Zergling x10  
  166  16:20  Zergling x34  
  166  16:22  Baneling x11  
  200  16:27  Ultralisk Cavern  
  200  16:28  Overseer  
  200  16:29  Overseer  
  200  16:30  Pneumatized Carapace  
  199  16:55  Hatchery  
  199  16:58  Zergling x4  
  138  17:22  Baneling, Zergling x2  
  138  17:23  Baneling x2, Zergling x22  
  138  17:24  Corruptor  
  138  17:25  Corruptor x6, Zergling x2  
  138  17:26  Corruptor x5  
  138  17:27  Zergling x14  
  172  17:31  Ultralisk  
  171  17:41  Zerg Flyer Armor Level 1  
  171  17:44  Drone x2  
  171  17:45  Drone  
  171  17:46  Zergling x8  
  171  17:47  Baneling  
  171  17:48  Corruptor x3, Baneling x17  
  171  17:49  Corruptor  
  186  17:54  Extractor x2, Zergling x2  
  186  17:55  Zergling x2  
  186  17:57  Baneling x9  
  186  17:58  Baneling x5  
  186  18:19  Zergling x4  
  188  18:20  Zergling x8  
  192  18:28  Spine Crawler  
  192  18:30  Zergling x2  
  188  18:49  Zergling x8  
  192  19:03  Baneling x2  
  192  19:04  Overseer  
  145  19:30  Zergling x2  
  145  19:31  Zergling x42  
  155  19:34  Zergling x4  
  155  19:35  Zergling x4  
  152  19:55  Corruptor x3, Ultralisk x3  
  162  20:03  Corruptor x2  
  162  20:04  Corruptor x3  
  162  20:05  Ultralisk x2, Zergling x8  
  184  20:07  Baneling  
  184  20:08  Baneling x8  
  182  20:18  Corruptor x3  
  178  20:27  Corruptor x2  
  178  20:28  Corruptor x6  
  161  20:29  Corruptor x4  
  161  20:31  Corruptor  
  161  20:32  Zergling x8  
  183  20:35  Overlord  
  183  20:38  Baneling x5  
  183  20:41  Baneling x3  
  183  20:58  Corruptor x2, Zergling x2  
  183  21:03  Brood Lord  
  190  21:06  Drone  
  190  21:11  Spore Crawler  
  190  21:12  Spore Crawler  
  190  21:13  Extractor  
  187  21:31  Spore Crawler  
  187  21:32  Spore Crawler  
  185  21:33  Spore Crawler x2  
  185  21:35  Brood Lord x4  
  185  21:38  Zerg Flyer Weapons Level 3  
  191  21:45  Extractor  
  191  21:46  Extractor  
  189  21:47  Spine Crawler, Spore Crawler  
  189  21:48  Drone x3, Spine Crawler  
  189  21:49  Drone x3  
  189  21:52  Overlord x2  
  189  21:53  Overseer  
  182  22:13  Brood Lord  
  182  22:14  Brood Lord x5  
  194  22:20  Brood Lord  
  196  22:29  Infestor  
  196  22:30  Infestor  
  191  23:20  Viper  
  191  23:21  Corruptor, Viper  
  191  23:41  Zergling x2  
  191  23:42  Zergling x14  
  191  23:47  Drone  
  187  24:06  Corruptor x6  
  187  24:07  Corruptor x6  
  187  24:08  Hatchery, Zergling x6  
  187  24:09  Zergling x2  
  150  24:30  Corruptor  
  150  24:31  Corruptor  
  152  24:32  Infestor x2  
  152  24:33  Zergling x10  
  152  24:34  Zergling x14  
  170  24:41  Zergling x18  
  170  24:43  Corruptor x3  
  158  24:59  Corruptor x2  
  139  25:00  Zergling x24  
  139  25:03  Baneling x8  
  139  25:04  Baneling x11  
  139  25:05  Corruptor, Zergling x2  
  139  25:06  Zergling x2  
  154  25:09  Zergling x6  
  154  25:13  Corruptor  
  157  25:14  Zergling x4  
  157  25:16  Baneling x2  
  157  25:18  Overseer  
  157  25:19  Hatchery, Zergling x4  
  157  25:21  Zergling x8  
  161  25:29  Corruptor x2  
  161  25:30  Zergling x6  
  145  25:36  Corruptor  
  145  25:37  Zergling x10  
  145  25:38  Zergling x2  
  134  25:45  Ultralisk, Zergling x10  
  134  25:50  Zergling x10  
  134  25:51  Baneling, Zergling x4  
  134  25:52  Baneling x4  
  134  25:54  Zergling x4  
  143  26:01  Zergling x16  
  150  26:05  Zergling x2  
Tags
 
Add a new tag
Caveats
  • Supply blocks, unpowered buildings, or Contaminate may cause inaccurate times.
  • Supply counts are checked every 10 seconds.